 Dungeon Crawl Stone Soup version 0.30-b1-2-g02819fbbbe (webtiles) character file.

Game seed: 3441974921966862048

11865 ketsa the Destroyer (level 11, -7/86 HPs)
             Began as a Demigod Conjurer on May 31, 2023.
             Mangled by a two-headed ogre
             ... wielding a +0 giant spiked club
              (23 damage)
             ... on level 11 of the Dungeon.
             The game lasted 00:55:10 (15012 turns).

ketsa the Destroyer (Demigod Conjurer)             Turns: 15012, Time: 00:55:10

Health: -7/86      AC:  8    Str:  8    XL:     11   Next: 30%
Magic:  13/26      EV: 12    Int: 32    God:
Gold:   545        SH:  0    Dex: 12    Spells: 10/24 levels left

rFire   . . .        Q - +4 quarterstaff
rCold   + . .        (shield currently unavailable)
rNeg    . . .        M - +0 acid dragon scales
rPois   .            B - +0 helmet
rElec   .            h - +0 cloak
rCorr   +            (no gloves)
SInv    .            (no boots)
Will    ++...        (no amulet)
Stlth   +            q - ring of protection from cold
HPRegen 0.34/turn    (no ring)
MPRegen 0.20/turn

%: no passive effects
@: about to teleport
A: high MP 1, forlorn, divine attributes, hooves 1, strong-willed 1
a: no special abilities


You were on level 11 of the Dungeon.
You visited 2 branches of the dungeon, and saw 12 of its levels.

You collected 545 gold pieces.

Inventory:

Hand Weapons
 d - a +0 short sword
 e - a +0 arbalest of flaming
 m - a +0 dagger
 w - a +2 scimitar of flaming
 z - a +3 dagger
 D - a +3 short sword of freezing
 Q - a +4 quarterstaff (weapon)
Missiles
 j - 24 poisoned darts
 l - 7 boomerangs
Armour
 a - a +1 robe
 h - a +0 cloak (worn)
 v - a +2 robe of positive energy
 y - a +0 robe of fire resistance
 B - a +0 helmet (worn)
 H - a +0 leather armour of poison resistance
 M - +0 acid dragon scales (worn)
 S - a +2 leather armour of poison resistance
Jewellery
 c - a ring of ice
 q - a ring of protection from cold (left hand)
 N - a ring of protection from cold
Wands
 p - a wand of flame (6)
 F - a wand of quicksilver (12)
 G - a wand of charming (9)
 K - a wand of mindburst (15)
Scrolls
 g - 3 scrolls of teleportation
 n - 6 scrolls of amnesia
 r - 3 scrolls of enchant armour
 t - 2 scrolls of brand weapon
 u - 2 scrolls of noise {unknown}
 x - 2 scrolls of silence {unknown}
 A - a scroll of poison {unknown}
 E - 5 scrolls of immolation {unknown}
 L - a scroll of butterflies {unknown}
 R - a scroll of fog {unknown}
 T - a scroll of identify
Potions
 b - a potion of magic
 f - 2 potions of attraction
 i - 4 potions of curing
 k - 3 potions of heal wounds
 o - 3 potions of mutation
 s - a potion of might
 C - 2 potions of brilliance {unknown}
 I - 2 potions of degeneration {unknown}
 J - 2 potions of flight {unknown}
 O - 2 potions of haste
 P - a potion of berserk rage {unknown}


   Skills:
 - Level 5.1 Fighting
 - Level 1.2 Staves
 + Level 2.2 Armour
 - Level 5.6 Dodging
 - Level 1.7 Stealth
 + Level 7.2 Spellcasting
 + Level 9.9 Conjurations
 - Level 5.0 Hexes
 - Level 5.4 Summonings
 * Level 4.0 Fire Magic
 + Level 2.2 Air Magic


You had 10 spell levels left.
You knew the following spells:

 Your Spells              Type           Power      Damage    Failure   Level
a - Magic Dart            Conj           100%       1d8       1%          1
b - Searing Ray           Conj           100%       2d8       1%          2
c - Slow                  Hex            100%       N/A       1%          1
d - Tukima's Dance        Hex            43%        N/A       2%          3
e - Fulminant Prism       Conj/Hex       28%        3d14      3%          4
f - Summon Guardian Gole  Hex/Summ       44%        N/A       2%          3

Your spell library contained the following spells:

 Spells                   Type           Power      Damage    Failure   Level
 Foxfire                  Conj/Fire      100%       2x1d9     1%          1
 Shock                    Conj/Air       100%       1d9       1%          1
 Summon Small Mammal      Summ           100%       N/A       1%          1
 Dazzling Flash           Conj/Hex       100%       N/A       1%          3
 Call Canine Familiar     Summ           46%        N/A       2%          3
 Confusing Touch          Hex            43%        N/A       2%          3
 Apportation              Tloc           22%        N/A       7%          1
 Beastly Appendage        Tmut           22%        N/A       7%          1
 Necrotise                Necr           44%        1d6       7%          1
 Swiftness                Air            26%        N/A       9%          3
 Iskenderun's Mystic Bla  Conj/Tloc      43%        2d10      9%          4
 Lesser Beckoning         Tloc           22%        N/A       11%         2
 Sublimation of Blood     Necr           11%        N/A       11%         2
 Wereblood                Tmut           11%        N/A       11%         2
 Fireball                 Conj/Fire      27%        3d12      11%         5
 Gell's Gravitas          Tloc           11%        N/A       22%         3
 Spider Form              Tmut/Pois      11%        N/A       22%         3
 Teleport Other           Tloc           11%        N/A       22%         3
 Vampiric Draining        Necr           11%        2d6       22%         3
 Anguish                  Hex/Necr       13%        N/A       26%         4
 Irradiate                Conj/Tmut      21%        3d18      26%         5
 Airstrike                Air            13%        2d(2-18)  28%         4
 Starburst                Conj/Fire      27%        6d9       52%         6
 Passage of Golubria      Tloc           11%        N/A       56%         4
 Petrify                  Tmut/Erth      11%        N/A       56%         4
 Yara's Violent Unravell  Hex/Tmut       13%        3d7       56%         5
 Plasma Beam              Fire/Air       15%        2x1d29    96%         6
 Enfeeble                 Hex            21%        N/A       100%        7


Dungeon Overview and Level Annotations

Branches:
Dungeon (11/15) Zot: 25870  Temple (1/1) D:7 Zot: 5867     Orc (0/2) D:11
   Lair: D:8-11

Shops:
D:5 !   D:11 :

Annotations:
D:6 2 runed translucent doors, vianneychevalier's ghost, novice MiFi
D:10 exclusion: door


Innate Abilities, Weirdness & Mutations

You have an increased reservoir of magic. (+10% MP)
You shall have no god before yourself.
Your divine heritage dramatically boosts your attributes as you level up.
You have large cloven feet.
You are strong-willed. (Will+)


Message History

Press: ? - help, Shift-Dir - straight line, f/p - two-headed ogre
Aim: a two-headed ogre, wielding a +0 giant club and a +0 giant spiked club (chance to affect: 50%)
The two-headed ogre resists with some effort.
The boulder beetle bites your guardian golem.
Casting: Tukima's Dance (mildly dangerous; 2% risk of failure)
Confirm with . or Enter, or press ? or * to list all spells.
Aiming: Tukima's Dance (mildly dangerous; 2% risk of failure)
Press: ? - help, Shift-Dir - straight line, f/p - two-headed ogre
Aim: a two-headed ogre, wielding a +0 giant club and a +0 giant spiked club (chance to affect: 50%)
The +0 giant club dances into the air!
The boulder beetle bites your guardian golem but does no damage.
The two-headed ogre wields a +0 giant spiked club.
The two-headed ogre hits you with a +0 giant spiked club!!
The two-headed ogre hits you with a +0 giant spiked club.
Casting: Tukima's Dance (mildly dangerous; 2% risk of failure)
Confirm with . or Enter, or press ? or * to list all spells.
Aiming: Searing Ray (safe; 1% risk of failure)
Press: ? - help, Shift-Dir - straight line, f/p - two-headed ogre
Aim: a two-headed ogre, wielding a +0 giant spiked club (92% to hit)
The searing ray hits the two-headed ogre!
The two-headed ogre is moderately wounded. (Press . to maintain the ray.)
The boulder beetle curls into a ball and begins rolling!
The two-headed ogre hits you with a +0 giant spiked club!!
The two-headed ogre hits you with a +0 giant spiked club.
The searing ray hits the two-headed ogre but does no damage.
The two-headed ogre is moderately wounded.
The boulder beetle hits your guardian golem!!!
Your guardian golem is destroyed!
Your guardian golem disappears in a puff of smoke!
The boulder beetle stops rolling and uncurls.
The two-headed ogre attacks as you move away!
The two-headed ogre closely misses you.
The two-headed ogre hits you with a +0 giant spiked club!
As you read the scroll of teleportation, it crumbles to dust.
You feel strangely unstable.
The two-headed ogre hits you with a +0 giant spiked club!!
* * * LOW HITPOINT WARNING * * *
The two-headed ogre hits you with a +0 giant spiked club!!
You die...

#.#.....####.#.##
#........# ##.##
#.#.....## ###
#.##....#
#.####### #>#
#.######
#.###.○B...#
#.#(B###○..#
#..#.#@#......#
#.##.O.#.#))#.#
#.###.#.##...B#
#.# .##.# #.>.
#.##. .. #..
#.### ##. .. #.#
. #.# #


You could see a two-headed ogre.

Vanquished Creatures
  2 two-headed ogres
  A cyclops (D:10)
  A kobold demonologist (D:9)
  A troll (D:10)
  2 shadows (D:9)
  15 yaks
  A wraith (D:7)
  A wyvern (D:9)
  Menkaure (D:4)
  A warg (D:11)
  2 acid dragons (D:9)
  A water moccasin (D:7)
  3 orc warriors
  5 sky beasts
  5 ice beasts
  5 black bears
  2 wolves (D:11)
  An ogre (D:5)
  2 phantoms
  4 centaurs
  A kobold brigand (D:9)
  Blork the orc (D:5)
  4 bullfrogs
  2 gnoll sergeants
  A scorpion (D:4)
  12 wights
  6 killer bees
  5 howler monkeys
  A centaur zombie (D:8)
  A crimson imp (D:5)
  4 jellies
  8 orc priests
  2 hounds (D:5)
  2 sleepcaps
  Jessica (D:3)
  Natasha (thrice) (D:3)
  4 iguanas
  14 orc wizards
  2 howler monkey zombies (D:8)
  7 adders
  9 gnolls
  A river rat (D:3)
  A white imp (D:7)
  3 ufetubi
  A worm (D:4)
  A dart slug (D:1)
  37 orcs
  4 bats (D:1)
  6 endoplasms
  2 giant cockroaches
  5 goblins
  6 hobgoblins
  7 kobolds
  3 quokkas
  6 ball pythons
  2 frilled lizards
  5 rats
236 creatures vanquished.

Vanquished Creatures (collateral kills)
  An orc warrior (D:8)
  4 orcs
5 creatures vanquished.

Vanquished Creatures (others)
  A two-headed ogre (D:9)
  A cyclops (D:9)
  An orc warrior (D:11)
  16 fulminant prisms
  6 fungi (D:3)
  7 withered plants (D:8)
32 creatures vanquished.

Grand Total: 273 creatures vanquished

Notes
Turn   | Place    | Note
-------+----------+-------------------------------------------
     0 | D:1      | ketsa the Demigod Conjurer began the quest for the Orb.
     0 | D:1      | Reached XP level 1. HP: 14/14 MP: 5/5
   334 | D:1      | Reached XP level 2. HP: 20/20 MP: 2/7
   384 | D:1      | Learned a level 2 spell: Searing Ray
   584 | D:1      | Reached skill level 4 in Conjurations
  1566 | D:2      | Identified the +10 short sword of Xuceal {holy, Fly rN+
                  | Str+3}
  1901 | D:3      | Reached XP level 3. HP: 21/26 MP: 5/9
  1913 | D:3      | Noticed a black bear
  1919 | D:3      | You fall into a shaft and drop 2 floors!
  1919 | D:5      | Entered Level 5 of the Dungeon
  1953 | D:5      | Noticed a phantom
  1961 | D:5      | Gained mutation: You are strong-willed. (Will+) [potion of
                  | mutation]
  1961 | D:5      | Gained mutation: You have large cloven feet. [potion of
                  | mutation]
  1976 | D:5      | Reached XP level 4. HP: 4/33 MP: 0/10
  2124 | D:5      | Noticed a black bear
  2137 | D:5      | Killed a black bear
  2138 | D:5      | Reached skill level 5 in Conjurations
  2138 | D:5      | Reached XP level 5. HP: 32/38 MP: 5/12
  2575 | D:5      | Found Maeba's Distillery.
  2898 | D:4      | Noticed Menkaure
  2960 | D:5      | Reached skill level 6 in Conjurations
  2960 | D:5      | Reached XP level 6. HP: 45/45 MP: 9/14
  3277 | D:4      | Reached skill level 1 in Fighting
  3412 | D:3      | Noticed Natasha
  3417 | D:3      | Killed Natasha
  3629 | D:3      | Noticed Natasha
  3632 | D:3      | Killed Natasha
  3669 | D:3      | Noticed Jessica
  3672 | D:3      | Killed Jessica
  3673 | D:3      | Reached XP level 7. HP: 52/52 MP: 11/16
  4018 | D:3      | Noticed Natasha
  4041 | D:3      | Killed Natasha
  4482 | D:4      | Killed Menkaure
  4483 | D:4      | Reached skill level 1 in Hexes
  4719 | D:5      | Noticed Blork the orc
  4972 | D:5      | Learned a level 1 spell: Slow
  5101 | D:5      | Reached skill level 7 in Conjurations
  5199 | D:5      | Killed Blork the orc
  5200 | D:5      | Reached XP level 8. HP: 44/62 MP: 7/17
  5484 | D:6      | Found a runed translucent door.
  5485 | D:6      | Noticed vianneychevalier's ghost (novice MiFi)
  6719 | D:6      | Found a runed translucent door.
  7245 | D:7      | Reached skill level 1 in Summonings
  7300 | D:7      | Reached XP level 9. HP: 62/71 MP: 8/19
  7662 | D:7      | Found a staircase to the Ecumenical Temple.
  7669 | Temple   | Entered the Ecumenical Temple
  8218 | D:7      | Reached skill level 5 in Dodging
  8329 | D:7      | Reached skill level 8 in Conjurations
  8924 | D:8      | Learned a level 3 spell: Tukima's Dance
  8935 | D:8      | Reached skill level 5 in Spellcasting
  9193 | D:8      | Reached skill level 5 in Fighting
 10208 | D:8      | Learned a level 4 spell: Fulminant Prism
 10274 | D:8      | Learned a level 3 spell: Summon Guardian Golem
 10595 | D:8      | Reached XP level 10. HP: 78/81 MP: 9/22
 10829 | D:9      | Noticed a two-headed ogre
 10838 | D:9      | Killed a two-headed ogre
 10981 | D:9      | Reached skill level 9 in Conjurations
 11461 | D:9      | Reached skill level 5 in Summonings
 11596 | D:9      | Noticed a sixfirhy
 12086 | D:9      | Noticed a two-headed ogre
 12113 | D:9      | Killed a two-headed ogre
 12282 | D:9      | Reached skill level 5 in Hexes
 12322 | D:10     | Entered Level 10 of the Dungeon
 12350 | D:10     | Noticed a two-headed ogre
 12410 | D:9      | Noticed a cyclops
 12421 | D:9      | Killed a cyclops
 12422 | D:9      | Reached skill level 1 in Fire Magic
 13046 | D:10     | Noticed a cyclops
 13054 | D:10     | Killed a cyclops
 13439 | D:10     | Killed a two-headed ogre
 13440 | D:10     | Reached skill level 1 in Staves
 13440 | D:10     | Reached skill level 1 in Armour
 13440 | D:10     | Reached skill level 1 in Air Magic
 13440 | D:10     | Reached XP level 11. HP: 67/86 MP: 11/25
 13829 | D:10     | Noticed a boulder beetle
 13899 | D:11     | Found Ajamomy's Book Emporium.
 13927 | D:11     | Noticed a two-headed ogre
 14975 | D:11     | Found a staircase to the Orcish Mines.
 14998 | D:11     | Noticed a boulder beetle
 15012 | D:11     | Mangled by a two-headed ogre

Illustrated notes

Levels and vault maps discovered:
D:1:      psy_arrival_terrarium, layout_basic, minmay_hedge_maze,
          minmay_stone_trees_small
D:2:      layout_basic
D:3:      layout_basic, portal_sewer_entry_a, dreamdust_mushroom_princess,
          uniq_natasha, uniq_jessica
D:4:      minmay_angry_zag, layout_basic, uniq_menkaure
D:5:      layout_basic, grunt_temple_overflow_lords_of_destruction,
          nicolae_overflow_hidden_temple, serial_shops, shop,
          grunt_ministairs_1, uniq_blork_the_orc
D:6:      black_bear_nest_1, layout_loops_corners,
          nicolae_dithmenos_shadow_blocks, ebering_ghost_sewer_f,
          grunt_ministairs_14
D:7:      nicolae_BIG_FREAKIN_CUBE, layout_basic,
          chequers_temple_overflow_statue_of_worship
D:8:      layout_loops_corners, mainiacjoe_overflow_boulevard, serial_undead,
          serial_undead_b, serial_undead_b, serial_undead_c, serial_undead_e,
          serial_undead_e, serial_undead_b
D:9:      minmay_s_stair_smasher, layout_basic,
          mainiacjoe_overflow_six_doors_small, kennysheep_potato
D:10:     layout_rooms, kennysheep_just_a_vault
D:11:     layout_loops_ring, hellmonk_lair_entry_icy, erik_orc_3, serial_shops,
          nicolae_shop_back_alley_shop, grunt_ministairs_7, onia_ninara_cookie,
          uniq_nergalle
Temple:   dshaligram_water_room_temple

Skill      XL: |  1  2  3  4  5  6  7  8  9 10 11 |
---------------+----------------------------------+-----
Spellcasting   | 2 3 4 5 6 7 |  7.2
Conjurations   | 4 5 6 7 8 9 |  9.9
Dodging        | 2 3 4 5 |  5.6
Fighting       | 1 2 4 5 |  5.1
Hexes          | 2 4 5 |  5.0
Summonings     | 1 3 5 |  5.4
Fire Magic     | 2 4 |  4.0
Staves         | 1 |  1.2
Armour         | 1 2 |  2.2
Air Magic      | 1 2 |  2.2
Stealth        | |  1.7

Action                     |  1- 3 |  4- 6 |  7- 9 | 10-12 || total
---------------------------+-------+-------+-------+-------++-------
  Melee: Short sword       |       |     5 |       |       ||     5
         Kick              |       |     1 |     1 |       ||     2
         Scimitar          |       |       |     3 |       ||     3
         Quarterstaff      |       |       |       |     1 ||     1
   Cast: Magic Dart        |    60 |    44 |    99 |    68 ||   271
         Searing Ray       |     2 |    22 |    89 |    61 ||   174
         Tukima's Dance    |       |       |     3 |     4 ||     7
         Slow              |       |       |     2 |     3 ||     5
         Summon Guardian G |       |       |     1 |     6 ||     7
         Fulminant Prism   |       |       |       |    16 ||    16
    Use: Scroll            |     8 |       |     2 |     2 ||    12
         Potion            |     2 |     1 |       |       ||     3
 Armour: Robe              |     4 |     4 |    28 |     6 ||    42
         Acid dragon scale |       |       |       |    13 ||    13
  Dodge: Dodged            |    11 |    16 |    73 |    70 ||   170
